 Dungeon Crawl Stone Soup version 0.29.1-15-g9cfb28693d (webtiles) character file.

Game seed: 13131386462171334515

140 Eitelfritz the Gusty (level 5, -3/28 HPs)
             Began as a Tengu Air Elementalist on Mar 9, 2023.
             Killed from afar by a white imp (10 damage)
             ... with a puff of frost
             ... on level 4 of the Dungeon.
             The game lasted 00:09:21 (4176 turns).

Eitelfritz the Gusty (Tengu Air Elementalist)       Turns: 4176, Time: 00:09:22

Health: -3/28      AC:  3    Str:  8    XL:     5   Next: 23%
Magic:  5/10       EV: 15    Int: 17    God:
Gold:   82         SH:  0    Dex: 15    Spells: 0/10 levels left

rFire   . . .      SeeInvis .   (no weapon)
rCold   . . .      Faith    .   (no shield)
rNeg    . . .      Spirit   .   a - +0 robe
rPois   .          Reflect  .   (helmet restricted)
rElec   .          Harm     .   (no cloak)
rCorr   .          Rampage  .   g - +0 pair of gloves
Will    .....                   (boots unavailable)
Stlth   ++........              (no amulet)
HPRegen 0.09/turn               (no ring)
MPRegen 0.12/turn               (no ring)

@: flying quickly and evasively, quick
A: beak, talons 3, nimble flight
a: no special abilities


You were on level 4 of the Dungeon.
You visited 1 branch of the dungeon, and saw 4 of its levels.

You collected 82 gold pieces.

Inventory:

Hand Weapons
 e - a +1 sling
Missiles
 k - 9 poisoned darts
Armour
 a - a +0 robe (worn)
 g - a +0 pair of gloves (worn)
 p - a +0 leather armour
Scrolls
 c - a scroll of magic mapping
 m - a scroll of poison
Potions
 b - a potion of magic
 f - a potion of brilliance
 o - a potion of mutation


   Skills:
 + Level 2.5 Dodging
 + Level 2.2 Stealth
 + Level 0.3 Unarmed Combat
 + Level 3.1 Spellcasting
 + Level 2.5 Conjurations
 + Level 5.8 Air Magic


You couldn't memorise any spells.
You knew the following spells:

 Your Spells              Type           Power      Damage    Failure   Level
a - Shock                 Conj/Air       64%        1d7       3%          1
b - Static Discharge      Conj/Air       16%        3-5/arc   4%          2
c - Swiftness             Air            22%        N/A       4%          3
d - Airstrike             Air            11%        2d(2-18)  16%         4

Your spell library contained the following spells:

 Spells                   Type           Power      Damage    Failure   Level


Dungeon Overview and Level Annotations

Branches:
Dungeon (4/15)
 Temple: D:4-7

Altars:
Ru


Innate Abilities, Weirdness & Mutations

You have a beak for a mouth.
You have claws for feet.
Your magical nature lets you fly swiftly and evasively.


Message History

Casting: Shock (safe; 3% risk of failure)
Confirm with . or Enter, or press ? or * to list all spells.
Aiming: Shock (safe; 3% risk of failure)
Press: ? - help, Shift-Dir - straight line, f/p - shadow imp
Aim: a shadow imp (68% to hit)
The zap hits the shadow imp.
The shadow imp is lightly wounded.
The zap hits the white imp.
The white imp is lightly wounded.
The shadow imp gestures at you. Pain shoots through your body!
Unknown command.
Casting: Shock (safe; 3% risk of failure)
Confirm with . or Enter, or press ? or * to list all spells.
Aiming: Shock (safe; 3% risk of failure)
Press: ? - help, Shift-Dir - straight line, f/p - shadow imp
Aim: a shadow imp (lightly wounded, 68% to hit)
The zap hits the shadow imp.
The shadow imp is heavily wounded.
The zap misses the white imp.
The shadow imp gestures at you. Pain shoots through your body!
Casting: Shock (safe; 3% risk of failure)
Confirm with . or Enter, or press ? or * to list all spells.
Aiming: Shock (safe; 3% risk of failure)
Press: ? - help, Shift-Dir - straight line, f/p - shadow imp
Aim: a shadow imp (heavily wounded, 68% to hit)
The zap hits the shadow imp.
You kill the shadow imp!
The zap hits the white imp but does no damage.
The white imp is lightly wounded.
The white imp gestures at you. The puff of frost hits you!
* * * LOW HITPOINT WARNING * * *
A scorpion comes into view.
Unknown command.
Unknown command.
The white imp gestures at you. The puff of frost hits you!
You die...

+# .# .#
#########.######
#..PP...<...[..#
.5§≈.##.@...##.#
s.≈≈§5.....##
#P..§##........
..## #....###.#
#..### ...# #...
####


You could see a white imp.

Vanquished Creatures
  An orc priest (D:3)
  2 adders
  A shadow imp (D:4)
  A dart slug (D:3)
  5 orcs (D:3)
  6 ball pythons
  5 endoplasms
  2 giant cockroaches (D:1)
  8 goblins
  10 hobgoblins
  8 jackals
  4 kobolds
  3 quokkas
  5 bats
  6 frilled lizards
67 creatures vanquished.

Vanquished Creatures (others)
  A demonic plant (D:4)
1 creature vanquished.

Grand Total: 68 creatures vanquished

Notes
Turn   | Place    | Note
-------+----------+-------------------------------------------
     0 | D:1      | Eitelfritz the Tengu Air Elementalist began the quest for
                  | the Orb.
     0 | D:1      | Reached XP level 1. HP: 10/10 MP: 4/4
    72 | D:1      | Reached XP level 2. HP: 9/15 MP: 1/6
   642 | D:1      | Reached XP level 3. HP: 19/19 MP: 0/7
  1283 | D:1      | Learned a level 2 spell: Static Discharge
  1917 | D:2      | Reached skill level 5 in Air Magic
  2205 | D:2      | Reached XP level 4. HP: 24/24 MP: 5/8
  2836 | D:3      | Found a sacrificial altar of Ru.
  3622 | D:3      | Gained mutation: Your magical nature lets you fly swiftly
                  | and evasively. [Tengu growth]
  3622 | D:3      | Reached XP level 5. HP: 18/28 MP: 0/10
  3890 | D:3      | Found a faded altar of an unknown god.
  3895 | D:3      | Learned a level 3 spell: Swiftness
  3900 | D:3      | Learned a level 4 spell: Airstrike
  4176 | D:4      | Killed from afar by a white imp

Illustrated notes

Levels and vault maps discovered:
D:1:      dpeg_arrival_refuge, layout_loops_ring
D:2:      layout_loops_ring
D:3:      layout_basic, nicolae_ru_awakened_eye,
          shapermc_ecumenical_altar_notcrosses
D:4:      layout_loops_corners, serial_demonic, serial_demonic_f,
          serial_demonic_f, serial_demonic_c, serial_demonic_g

Skill      XL: |  1  2  3  4 |
---------------+-------------+-----
Conjurations   | 2 |  2.5
Air Magic      | 5 |  5.8
Spellcasting   | 3 |  3.1
Dodging        | |  2.5
Stealth        | |  2.2
Unarmed Combat | |  0.3

Action                   |  1- 3 |  4- 6 || total
-------------------------+-------+-------++-------
Melee: Unarmed           |    42 |     5 ||    47
       Kick              |    10 |     2 ||    12
       Peck              |     5 |       ||     5
 Cast: Shock             |    73 |    59 ||   132
       Static Discharge  |     1 |     4 ||     5
  Use: Scroll            |       |     8 ||     8
 Stab: Sleeping          |     1 |       ||     1
Armor: Robe              |     7 |     4 ||    11
Dodge: Dodged            |    24 |    15 ||    39
